 Dungeon Crawl Stone Soup version 0.31-a0-1168-gf5c68a8 (webtiles) character file.

Game seed: 1958260381236738516

183 cpf86 the Chopper (level 5, -4/47 HPs)
             Began as a Minotaur Chaos Knight on Dec 9, 2023.
             Was a Plaything of Xom.
             Slain by Sigmund the tengu (shapeshifter)
             ... wielding a +0 scythe
              (15 damage)
             ... on level 3 of the Dungeon.
             The game lasted 00:01:30 (1769 turns).

cpf86 the Chopper (Minotaur Chaos Knight)           Turns: 1769, Time: 00:01:30

Health: -4/47      AC:  5    Str: 18    XL:     5   Next: 35%
Magic:  4/4        EV: 11    Int:  9    God:    Xom [.*....]
Gold:   50         SH:  0    Dex: 10    Spells: 4/4 levels left

rFire   . . .        a - +0 hand axe (chaos) {axe}
rCold   . . .        (no shield)
rNeg    . . .        b - +2 leather armour
rPois   .            (helmet restricted)
rElec   .            (no cloak)
rCorr   .            (no gloves)
SInv    .            (no boots)
Will    .....        (no amulet)
Stlth   +            (no ring)
HPRegen 0.27/turn    (no ring)
MPRegen 0.09/turn

%: no passive effects
@: mighty
A: horns 2, retaliatory headbutt
a: Renounce Religion


You were on level 3 of the Dungeon.
You worshipped Xom.
You were a plaything of Xom.
You visited 1 branch of the dungeon, and saw 3 of its levels.

You collected 50 gold pieces.


Innate Abilities, Weirdness & Mutations

You have a pair of horns on your head.
You reflexively headbutt those who attack you in melee.


   Skills:
 + Level 4.8 Fighting
 * Level 5.8 Axes
 + Level 3.9 Armour
 - Level 1.1 Dodging


You had 4 spell levels left.
You didn't know any spells.
Your spell library was empty.

Inventory:

Hand Weapons
 a - a +0 hand axe of chaos (weapon) {axe}
Missiles
 j - 3 poisoned darts {throwing}
Armour
 b - a +2 leather armour (worn)
Jewellery
 p - an amulet of magic regeneration
   (You found it on level 2 of the Dungeon)
Scrolls
 c - a scroll of butterflies
 d - a scroll of enchant armour {unknown}
 h - a scroll of vulnerability {unknown}
 i - 2 scrolls of teleportation {unknown}
 k - a scroll of poison {unknown}
 l - 2 scrolls of fear {unknown}
 m - a scroll of enchant weapon {unknown}
 q - 2 scrolls of identify {unknown}
 r - a scroll of noise {unknown}
 s - a scroll of silence {unknown}
Potions
 e - a potion of invisibility {unknown}
 f - 2 potions of enlightenment {unknown}
 g - 3 potions of might {unknown}
 n - 2 potions of curing {unknown}
 o - a potion of mutation {unknown}

Dungeon Overview and Level Annotations

Branches:
Dungeon (3/15) Zot: 16221

Altars:
Sif Muna

Annotations:
D:3 Sigmund

.#.# #...............
...)####....!..........
......................#
.........#...).......##
.........#.#........[.#.
.........#.##...........
......).........Q..#....
...........###..........
..........## #..@.......
...###....#####.....###.
...# #......>.......#
..####.#.............#
..###..##...>.....<..#
#...........†........#
##...##.).........##.#
#.....#.†).#....... .#
.......#.......####


You could see Sigmund the tengu shaped shifter.


Message History

You are too confused!
You are too confused!
You are too confused!
You are too confused!
You are too confused!
You are too confused!
You are too confused!
Ijyb the Twisted Goblin comes into view.
She is wielding a +0 club and carrying a wand of flame.
Ijyb shouts!
Ijyb screams, "Level is mine!
All mine!"
Ijyb zaps a wand.
The puff of flame hits you. 😕 HP[-4]
You take 4 damage, and now have 43/47 hp.
Sigmund gestures at you while chanting. You resist with some effort.
The adder bites you but does no damage.
Sigmund hits you from afar with a +0 scythe.
The adder barely misses you. 😕 HP[-5]
You take 5 damage, and now have 38/47 hp.
Ijyb zaps a wand.
The puff of flame hits you. The adder bites you.
Sigmund smiles chillingly.
Sigmund misses you. 😮 HP[-7]
You take 7 damage, and now have 31/47 hp.
You're too confused to move!
The adder completely misses you.
Your kobold zombie barely misses Sigmund. 😮 HP[+1]
You closely miss Sigmund. You miss the adder.
You feel less confused. The adder barely misses you.
Sigmund hits you with a +0 scythe.
Your kobold zombie barely misses Sigmund.
The adder bites you but does no damage. 😮 HP[-1]
You take 1 damage, and now have 31/47 hp.
You hit Sigmund. You slash the adder! The adder misses you.
Sigmund barely misses you.
Your kobold zombie barely misses Sigmund.
You slash Sigmund!
Sigmund suddenly seems more resistant.
Xom is highly amused!
You hit the adder. You burn the adder.
You kill the adder! 😮 HP[+1]
You barely miss Sigmund. You headbutt Sigmund. You completely miss Ijyb.
Sigmund casts a spell at you.
You are confused.
Ijyb hits you with a +0 club.
Your kobold zombie misses Sigmund. 😮 HP[-1]
You take 1 damage, and now have 31/47 hp.
You slash your kobold zombie! You burn your kobold zombie.
You destroy your kobold zombie!
You hit Ijyb.
You feel better.
You miss Sigmund. Sigmund hits you with a +0 scythe!
Ijyb zaps a wand.
The puff of flame hits you.
* * * LOW HITPOINT WARNING * * *
😨 HP[-9]
You take 9 damage, and now have 22/47 hp.
You closely miss Sigmund. Your headbutt misses Sigmund.
You hit Ijyb but do no damage.
You are now a plaything of Xom.
Ijyb closely misses you. Sigmund hits you with a +0 scythe!
* * * LOW HITPOINT WARNING * * *
😨 HP[-7]
You take 7 damage, and now have 15/47 hp.
Ijyb attacks as she pursues you!
Ijyb hits you but does no damage. 😨 HP[+1]
You closely miss Ijyb. You barely miss Sigmund.
Sigmund hits you with a +0 scythe!
* * * LOW HITPOINT WARNING * * *
Ijyb hits you but does no damage. Ijyb closely misses you. 😱 HP[-8]
You take 8 damage, and now have 8/47 hp.
You miss Ijyb. You slash Sigmund! Sigmund closely misses you.
Ijyb hits you but does no damage.
You feel less confused. Sigmund completely misses you. 😱 HP[+1]
You barely miss Ijyb. Ijyb hits you but does no damage.
You completely miss Ijyb. Sigmund barely misses you. Ijyb barely misses you.
You closely miss Ijyb. Sigmund hits you but does no damage.
Ijyb closely misses you.
You closely miss Ijyb.
You hear Xom's avuncular chuckle.
Sigmund changes into a shapeshifter!
Sigmund the shapeshifter changes into a tengu!
Ijyb hits you with a +0 club.
* * * LOW HITPOINT WARNING * * *
You hit Ijyb. You headbutt Ijyb, but do no damage. Ijyb closely misses you.
You closely miss Ijyb. You headbutt Ijyb!
Sigmund picks up a +0 scythe.
Sigmund wields a +0 scythe.
Sigmund picks up a +2 robe.
Sigmund wears a +2 robe.
Ijyb completely misses you.
You closely miss Ijyb. You headbutt Ijyb.
You kill Ijyb!
Sigmund attacks as it pursues you!
Sigmund hits you but does no damage. 😱 HP[+1] Sigmund attacks as it pursues you!
Sigmund closely misses you.
Sigmund hits you from afar with a +0 scythe!
You die...
Sigmund begins carving another notch in its scythe.
Xom titters!

Skill      XL: |  1  2  3 |
---------------+----------+-----
Axes           | 4 5 |  5.8
Fighting       | 4 |  4.8
Armour         | 3 |  3.9
Dodging        | |  1.1

Action                     |  1- 3 |  4- 6 || total
---------------------------+-------+-------++-------
  Melee: Hand axe          |    57 |    64 ||   121
         Headbutt          |     2 |    15 ||    17
   Stab: Paralysed         |     1 |       ||     1
 Armour: Leather armour    |    28 |    59 ||    87
  Dodge: Dodged            |    52 |    50 ||   102

Levels and vault maps discovered:
D:1:      psy_arrival_terrarium, layout_basic
D:2:      layout_loops_corners, basic_altar
D:3:      layout_rooms, serial_curves, eino_curves_01, eino_curves_04,
          uniq_robin, uniq_sigmund, uniq_ijyb

Notes
Turn   | Place    | Note
-------+----------+-------------------------------------------
     0 | D:1      | cpf86 the Minotaur Chaos Knight began the quest for the
                  | Orb.
     0 | D:1      | Reached XP level 1. HP: 19/19 MP: 0/0
     0 | D:1      | magus.rc [v1.9.6]
    58 | D:1      | XOM: divination: detect items
   125 | D:1      | XOM: divination: detect creatures
   171 | D:1      | XOM: smoke on damage
   173 | D:1      | Reached skill level 4 in Axes
   173 | D:1      | Reached XP level 2. HP: 21/27 MP: 1/1
   199 | D:1      | XOM: silly message
   269 | D:1      | XOM: silly message
   439 | D:1      | Reached skill level 4 in Fighting
   468 | D:1      | XOM: silly message
   585 | D:1      | XOM: divination: detect creatures
   631 | D:2      | XOM: noise
   666 | D:2      | Reached skill level 3 in Armour
   666 | D:2      | Reached XP level 3. HP: 33/33 MP: 2/2
   846 | D:2      | Found a shimmering blue altar of Sif Muna.
   852 | D:2      | XOM: butterfly on damage
   857 | D:2      | Reached skill level 5 in Axes
   857 | D:2      | Reached XP level 4. HP: 34/41 MP: 3/3
  1001 | D:2      | XOM: silly message
  1069 | D:2      | XOM: 1-stop teleportation journey
  1510 | D:3      | Noticed Robin
  1512 | D:3      | XOM: scenery: summon butterflies
  1516 | D:3      | XOM: cast spell 'Metabolic Englaciation'
  1532 | D:3      | XOM: divination: detect creatures
  1533 | D:3      | HP: 7/41 [Robin/+0 spear (6)]
  1534 | D:3      | Killed Robin
  1699 | D:3      | XOM: potion effect (might)
  1702 | D:3      | Reached XP level 5. HP: 43/47 MP: 4/4
  1742 | D:3      | Noticed Sigmund
  1744 | D:3      | Noticed Ijyb
  1756 | D:3      | HP: 8/47 [Sigmund/+0 scythe (8)]
  1762 | D:3      | Sigmund changed into Sigmund the shapeshifter
  1762 | D:3      | Noticed Sigmund (shapeshifter)
  1762 | D:3      | XOM: polymorph Sigmund -> Sigmund the shapeshifter
  1762 | D:3      | Sigmund the shapeshifter changed into Sigmund the tengu
  1762 | D:3      | Noticed Sigmund (shapeshifter)
  1762 | D:3      | HP: 9/47 [Ijyb/+0 club (1)]
  1765 | D:3      | Killed Ijyb
  1769 | D:3      | Slain by Sigmund the tengu (shapeshifter)

Vanquished Creatures
  Ijyb (D:3)
  3 gnolls (D:2)
  3 adders (D:3)
  A worm (D:2)
  3 dart slugs
  5 ball pythons
  5 endoplasms
  A giant cockroach (D:1)
  14 goblins
  8 hobgoblins
  5 jackals
  3 quokkas
  9 bats
  A frilled lizard (D:1)
  7 kobolds
  A kobold zombie (D:3)
  A rat (D:2)
71 creatures vanquished.

Vanquished Creatures (collateral kills)
  Robin (D:3)
  A gnoll (D:2)
2 creatures vanquished.

Grand Total: 73 creatures vanquished

Table legend:
 A = Non-vault XP
 B = Vault XP
 C = Vault XP percentage of total XP
 D = Non-vault monster count
 E = Vault monster count
 F = Vault count percentage of total count
                 A         B        C        D         E       F
            +---------+---------+-------+---------+---------+-------
      Total |     195 |      67 |  25.6 |      60 |      12 |  16.7
            +---------+---------+-------+---------+---------+-------
        D:1 |      38 |       0 |   0.0 |      23 |       0 |   0.0
        D:2 |     100 |       0 |   0.0 |      25 |       0 |   0.0
        D:3 |      57 |      67 |  54.0 |      12 |      12 |  50.0
            +---------+---------+-------+---------+---------+-------

Skill      XL: |  1  2  3 |
---------------+----------+-----
Axes           | 4 5 |  5.8
Fighting       | 4 |  4.8
Armour         | 3 |  3.9
Dodging        | |  1.1

Action                     |  1- 3 |  4- 6 || total
---------------------------+-------+-------++-------
  Melee: Hand axe          |    57 |    64 ||   121
         Headbutt          |     2 |    15 ||    17
   Stab: Paralysed         |     1 |       ||     1
 Armour: Leather armour    |    28 |    59 ||    87
  Dodge: Dodged            |    52 |    50 ||   102

Illustrated notes

Table legend:
 A = Kills in this place as a percentage of kills in the entire game.
 B = Kills by you in this place as a percentage of kills by you in the entire game.
 C = Kills by friends in this place as a percentage of kills by friends in the entire game.
 D = Other kills in this place as a percentage of other kills in the entire game.
 E = Experience gained in this place as a percentage of experience gained in the entire game.
 F = Experience gained in this place divided by the number of levels of this place that you have seen.
                   A       B       C       D       E      F
               +-------+-------+-------+-------+-------+----------------------
         Total | 100.0 | 100.0 | 100.0 |   N/A | 100.0 |  87.3
       Dungeon | 100.0 | 100.0 | 100.0 |   N/A | 100.0 |  87.3
               +-------+-------+-------+-------+-------+----------------------

Table legend: (Time is in decaauts)
 A = Elapsed time spent in this place.
 B = Non-inter-level travel time spent in this place.
 C = Inter-level travel time spent in this place.
 D = Time resting spent in this place.
 E = Time spent auto-exploring this place.
 F = Levels seen in this place.
 G = Mean time per level.
                   A        B        C        D        E       F      G
               +--------+--------+--------+--------+--------+-----+--------+
         Total |   1777 |   1718 |     59 |    121 |   1308 |   3 |  592.3 |
       Dungeon |   1777 |   1718 |     59 |    121 |   1308 |   3 |  592.3 |
               +--------+--------+--------+--------+--------+-----+--------+

Top non-repeatable levels by time:
     D:2: 1003 daAuts
     D:1: 634 daAuts
     D:3: 139 daAuts
